[Event "7th Cesme Open-A 2019"]
[Site "Cesme"]
[Date "2019.06.25"]
[Round "2"]
[White "Can, Melih Kaan"]
[Black "Bashirli, Nail"]
[Result "1/2-1/2"]
[ECO "D00"]
[WhiteElo "2204"]
[BlackElo "2367"]
[Annotator "ChessBase"]
[PlyCount "101"]
[EventDate "2019.06.24"]
[EventType "swiss"]
[EventCountry "TUR"]
[SourceTitle "playchess.com"]
[Source "ChessBase"]
[SourceQuality "1"]
[TimeControl "5400+30"]

1. d4 Nf6 2. Bf4 d5 3. e3 c5 4. c3 e6 5. Nd2 Bd6 6. Bxd6 Qxd6 7. f4 O-O 8. Bd3 Nc6 9. Ngf3 c4 10. Bc2 b5 11. a3 a5 12. Ne5 Ne7 13. O-O Bb7 14. Qf3 g6 15. g4 Nd7 16. Qh3 f6 17. Nxd7 Qxd7 18. Nf3 Ra7 19. g5 fxg5 20. Ne5 Qd6 21. fxg5 Nf5 22. Bxf5 exf5 23. Qg3 Bc8 24. Qf4 Re7 25. h4 Re6 26. Kf2 Bd7 27. Kg3 Rfe8 28. h5 Rxe5 29. dxe5 Rxe5 30. hxg6 Rxe3+ 31. Rf3 Qxf4+ 32. Kxf4 Re4+ 33. Kg3 hxg6 34. Kf2 d4 35. cxd4 f4 36. Rc3 Rxd4 37. Re1 Bg4 38. Rc2 b4 39. axb4 axb4 40. Re7 b3 41. Rc1 Rd2+ 42. Ke1 Rxb2 43. Rxc4 Rb1+ 44. Kf2 Rb2+ 45. Ke1 Rb1+ 46. Kf2 Kf8 47. Rb7 Rb2+ 48. Ke1 Rb1+ 49. Kf2 Rb2+ 50. Ke1 Rb1+ 51. Kf2 1/2-1/2

[Event "7th Cesme Open-A 2019"]
[Site "Cesme"]
[Date "2019.06.25"]
[Round "2"]
[White "Mohannad, Farhan"]
[Black "Kamer, Kayra"]
[Result "1/2-1/2"]
[ECO "E92"]
[WhiteElo "2193"]
[BlackElo "2353"]
[Annotator "ChessBase"]
[PlyCount "241"]
[EventDate "2019.06.24"]
[EventType "swiss"]
[EventCountry "TUR"]
[SourceTitle "playchess.com"]
[Source "ChessBase"]
[SourceQuality "1"]
[TimeControl "5400+30"]

1. d4 Nf6 2. c4 g6 3. Nc3 Bg7 4. e4 d6 5. Nf3 O-O 6. Be2 e5 7. d5 a5 8. O-O Na6 9. Bg5 h6 10. Bh4 Qe8 11. Nd2 Bd7 12. b3 Nh7 13. a3 h5 14. f3 Bh6 15. Rb1 f5 16. exf5 gxf5 17. b4 axb4 18. axb4 Qg6 19. Kh1 Kh8 20. Bf2 Rg8 21. Rg1 Nf6 22. c5 h4 23. c6 bxc6 24. dxc6 Be6 25. Nf1 Nh5 26. Bxh4 Nf4 27. Bg3 Nxe2 28. Qxe2 Qf7 29. Bf2 Bc4 30. Qd1 Rad8 31. Qe1 Bd3 32. Rb2 Qc4 33. b5 Nc5 34. Ne3 Qf7 35. Ned5 Na4 36. Rb4 Nxc3 37. Nxc3 Rg7 38. Rh4 Rh7 39. b6 cxb6 40. Bxb6 Rg8 41. c7 Qb3 42. Ba7 Qe6 43. Bb8 Ba6 44. Rh5 Bb7 45. Qb1 Bc8 46. Qd3 Qg6 47. Rh3 Bb7 48. Ne2 e4 49. Qb3 Bc8 50. Rg3 Qf7 51. Qxf7 Rxf7 52. Rh3 Kg7 53. Rd1 f4 54. fxe4 Bxh3 55. gxh3 Kh7 56. Rg1 f3 57. Ng3 Bd2 58. Rf1 Ba5 59. Rc1 Rc8 60. Kg1 Bxc7 61. Bxc7 Rcxc7 62. Rxc7 Rxc7 63. Kf2 Kg6 64. Kxf3 Kf6 65. Kf4 Rc4 66. Ke3 Ke5 67. Kf3 Rc3+ 68. Kg4 Rc2 69. h4 Rxh2 70. h5 Kf6 71. Kf4 Rh4+ 72. Kf3 Ke5 73. Ke3 Rg4 74. Kf3 Rg8 75. Ne2 Rf8+ 76. Ke3 Ra8 77. Nf4 Ra4 78. Nd3+ Kf6 79. Nb2 Ra2 80. Nc4 Ke6 81. Kf4 Rc2 82. Ne3 Rh2 83. Kg5 Re2 84. Kf4 Rf2+ 85. Kg5 Re2 86. Kf4 Rh2 87. Kg5 Rh1 88. h6 Rh3 89. Ng4 Rh1 90. Kg6 Rg1 91. Kg5 Kf7 92. Kf5 Rf1+ 93. Kg5 Ra1 94. Ne3 Rg1+ 95. Ng4 Re1 96. Kf5 Rb1 97. Ne3 Rb5+ 98. Nd5 Rb3 99. Nf4 Rf3 100. Kg5 Rg3+ 101. Kf5 Rg8 102. e5 dxe5 103. Kxe5 Rh8 104. Kf5 Rxh6 105. Kg5 Rf6 106. Nh5 Ra6 107. Kf5 Ra5+ 108. Kg4 Rb5 109. Nf4 Kf6 110. Nh5+ Ke5 111. Kg5 Ra5 112. Kg4 Ra8 113. Kf3 Ra3+ 114. Kg4 Ra4+ 115. Kg5 Rb4 116. Nf6 Ke6 117. Ng4 Re4 118. Nf2 Re1 119. Kf4 Rf1 120. Ke3 Rxf2 121. Ke4 1/2-1/2

[Event "7th Cesme Open-A 2019"]
[Site "Cesme"]
[Date "2019.06.25"]
[Round "2"]
[White "Tepe, Efe Can"]
[Black "Eminov, Orkhan"]
[Result "0-1"]
[ECO "B27"]
[WhiteElo "2150"]
[BlackElo "2314"]
[Annotator "ChessBase"]
[PlyCount "78"]
[EventDate "2019.06.24"]
[EventType "swiss"]
[EventCountry "TUR"]
[SourceTitle "playchess.com"]
[Source "ChessBase"]
[SourceQuality "1"]
[TimeControl "5400+30"]

1. e4 c5 2. Nf3 g6 3. d4 cxd4 4. Qxd4 Nf6 5. Nc3 Nc6 6. Qa4 d6 7. e5 dxe5 8. Nxe5 Bd7 9. Nxd7 Qxd7 10. Bf4 Bg7 11. Rd1 Qe6+ 12. Be2 O-O 13. O-O a6 14. Bf3 Qf5 15. Bg3 b5 16. Qb3 Rac8 17. Rfe1 e6 18. a4 b4 19. Ne4 Nxe4 20. Bxe4 Qf6 21. Qd3 Qxb2 22. Qxa6 Nd4 23. Rb1 Qa2 24. Rxb4 Nxc2 25. Bxc2 Qxc2 26. Rf4 Bc3 27. Rf1 Bg7 28. Rb4 Rfd8 29. h3 Bf8 30. Rb7 Rd1 31. Rxd1 Qxd1+ 32. Kh2 Rc1 33. Bf4 Qg1+ 34. Kg3 Rc3+ 35. Be3 Bh6 36. Rb8+ Kg7 37. Qb7 Rxe3+ 38. fxe3 Qxe3+ 39. Qf3 Bf4+ 0-1

[Event "7th Cesme Open-A 2019"]
[Site "Cesme"]
[Date "2019.06.25"]
[Round "3"]
[White "Bernadskiy, Vitaliy"]
[Black "Mohannad, Farhan"]
[Result "1-0"]
[ECO "E90"]
[WhiteElo "2578"]
[BlackElo "2193"]
[Annotator "ChessBase"]
[PlyCount "63"]
[EventDate "2019.06.24"]
[EventType "swiss"]
[EventCountry "TUR"]
[SourceTitle "playchess.com"]
[Source "ChessBase"]
[SourceQuality "1"]
[TimeControl "5400+30"]

1. c4 Nf6 2. Nc3 g6 3. e4 d6 4. d4 Bg7 5. h3 O-O 6. Be3 c5 7. Nf3 Nc6 8. d5 Na5 9. Be2 a6 10. a4 e6 11. O-O exd5 12. cxd5 Re8 13. Nd2 Bd7 14. Bf4 b5 15. axb5 axb5 16. Bxb5 Bxb5 17. Nxb5 Nxe4 18. Nxe4 Rxe4 19. Bxd6 Qb6 20. Qc2 Rae8 21. Nc7 Rc4 22. Qd2 Rc8 23. Bg3 Nb3 24. Qe2 Rd4 25. Ra8 Rxa8 26. Nxa8 Qd8 27. Nc7 Rd2 28. Qc4 Nd4 29. Re1 Bf8 30. Re8 Qd7 31. Qa6 Nf5 32. Be5 1-0

[Event "7th Cesme Open-A 2019"]
[Site "Cesme"]
[Date "2019.06.25"]
[Round "3"]
[White "Quparadze, Giga"]
[Black "Kucuksari, Kaan"]
[Result "1-0"]
[ECO "B12"]
[WhiteElo "2498"]
[BlackElo "2299"]
[Annotator "ChessBase"]
[PlyCount "71"]
[EventDate "2019.06.24"]
[EventType "swiss"]
[EventCountry "TUR"]
[SourceTitle "playchess.com"]
[Source "ChessBase"]
[SourceQuality "1"]
[TimeControl "5400+30"]

1. e4 c6 2. d4 d5 3. e5 c5 4. dxc5 Nc6 5. f4 e6 6. Be3 d4 7. Bf2 Bxc5 8. Nd2 Nge7 9. a3 Nd5 10. Ne4 Be7 11. Qf3 O-O 12. O-O-O f5 13. exf6 Bxf6 14. Nh3 g6 15. Nxf6+ Qxf6 16. g3 Bd7 17. Bg2 Rac8 18. Rhe1 Qf5 19. Qd3 Na5 20. Qxf5 Rxf5 21. Ng5 Ba4 22. Be4 Nf6 23. Bd3 e5 24. Kb1 h6 25. Ne4 Nxe4 26. Rxe4 Bc6 27. Rxe5 Rxe5 28. fxe5 Bf3 29. Re1 Nc6 30. Bxg6 Kg7 31. Bf5 Re8 32. Bd7 Re7 33. Bxc6 bxc6 34. Bxd4 Bg4 35. e6+ Kg6 36. Bc5 1-0

[Event "7th Cesme Open-A 2019"]
[Site "Cesme"]
[Date "2019.06.25"]
[Round "3"]
[White "Lavrov, Maxim"]
[Black "Unat, Can Haktan"]
[Result "1-0"]
[ECO "D41"]
[WhiteElo "2401"]
[BlackElo "2079"]
[Annotator "NA"]
[PlyCount "109"]
[EventDate "2019.06.24"]
[EventType "swiss"]
[EventCountry "TUR"]
[SourceTitle "playchess.com"]
[Source "ChessBase"]
[SourceQuality "1"]
[TimeControl "5400+30"]

1. e4 c5 2. c3 a6 3. d4 cxd4 4. cxd4 d5 5. exd5 Nf6 6. Nc3 Nxd5 7. Nf3 Nc6 8. Bc4 e6 9. O-O Be7 10. Re1 O-O 11. Bd3 b5 12. Nxd5 exd5 13. Bxh7+ Kxh7 14. Qc2+ Kg8 15. Qxc6 Ra7 16. Bf4 Bf5 17. Rac1 Be4 18. Qc3 b4 19. Qe3 f6 20. Nd2 g5 21. Bg3 f5 22. Be5 Rf7 23. Nxe4 dxe4 24. Qh3 Bf6 25. Qxf5 Bxe5 26. Qxe5 Rad7 27. Qxe4 Qf6 28. Qe3 Rxd4 29. Rc6 Qf4 30. Rg6+ Kh7 31. Re6 Qxe3 32. R6xe3 Rf5 33. Re4 Rd2 34. R4e2 Rd3 35. h3 b3 36. axb3 Rxb3 37. Re7+ Kg8 38. R7e5 Rf4 39. Rxg5+ Kf7 40. Re2 Ra4 41. Rg3 Rb6 42. Rf3+ Kg7 43. g4 Ra1+ 44. Kg2 Rd6 45. Re7+ Kg6 46. Ra3 Rc1 47. Ra7 Rcc6 48. Kg3 Rb6 49. h4 Kf6 50. h5 Rdc6 51. f3 Rd6 52. Ra5 Rdc6 53. h6 Kg6 54. h7 Rf6 55. h8=N+ 1-0

[Event "7th Cesme Open-A 2019"]
[Site "Cesme"]
[Date "2019.06.25"]
[Round "3"]
[White "Erdogdu, Mert"]
[Black "Lomsadze, Davit"]
[Result "1/2-1/2"]
[ECO "C55"]
[WhiteElo "2391"]
[BlackElo "2292"]
[Annotator "NA"]
[PlyCount "57"]
[EventDate "2019.06.24"]
[EventType "swiss"]
[EventCountry "TUR"]
[SourceTitle "playchess.com"]
[Source "ChessBase"]
[SourceQuality "1"]
[TimeControl "5400+30"]

1. e4 e5 2. Nf3 Nc6 3. Bc4 Nf6 4. d3 h6 5. O-O d6 6. c3 g6 7. d4 Qe7 8. Nbd2 Bg7 9. Re1 O-O 10. h3 Nd7 11. Nf1 Nb6 12. Bb3 Qf6 13. Be3 Kh7 14. a4 Na5 15. Bc2 Nd7 16. Qe2 c5 17. d5 b6 18. b3 Nb7 19. Ng3 Qe7 20. h4 Nf6 21. Nh2 h5 22. Nf3 Ng4 23. Bd2 f6 24. Bd3 Rb8 25. Ra2 Bd7 26. Bb5 Qe8 27. Rb1 a5 28. Bxd7 Qxd7 29. Qb5 1/2-1/2

[Event "7th Cesme Open-A 2019"]
[Site "Cesme"]
[Date "2019.06.25"]
[Round "3"]
[White "Bashirli, Nail"]
[Black "Fadeev, Semen"]
[Result "1-0"]
[ECO "C10"]
[WhiteElo "2367"]
[BlackElo "2168"]
[Annotator "NA"]
[PlyCount "89"]
[EventDate "2019.06.24"]
[EventType "swiss"]
[EventCountry "TUR"]
[SourceTitle "playchess.com"]
[Source "ChessBase"]
[SourceQuality "1"]
[TimeControl "5400+30"]

1. e4 e6 2. d4 d5 3. Nd2 dxe4 4. Nxe4 Nd7 5. Nf3 Ngf6 6. Bd3 c5 7. Nxf6+ Nxf6 8. O-O cxd4 9. Nxd4 Bc5 10. Nf3 h6 11. Ne5 O-O 12. Qf3 Qd5 13. Qxd5 Nxd5 14. a3 Rd8 15. Rd1 f6 16. Nf3 Bd7 17. c4 Nc7 18. b4 Bf8 19. Be4 Bc6 20. Bc2 Be4 21. Bb3 Bxf3 22. gxf3 Rxd1+ 23. Bxd1 a5 24. b5 e5 25. f4 e4 26. f5 Ne8 27. Bc2 Nd6 28. Bf4 Re8 29. Re1 Kh8 30. c5 Nxf5 31. Rxe4 Rc8 32. c6 bxc6 33. Rc4 Nd6 34. Rxc6 Rxc6 35. bxc6 Nc8 36. Bf5 Nb6 37. c7 Bc5 38. Be3 Bxe3 39. fxe3 Kg8 40. c8=B Nxc8 41. Bxc8 Kf7 42. Kf2 g6 43. a4 Ke7 44. Kf3 Kd6 45. Ke4 1-0

[Event "7th Cesme Open-A 2019"]
[Site "Cesme"]
[Date "2019.06.25"]
[Round "3"]
[White "Koksal, Ege"]
[Black "Yerden, Huseyin Eren"]
[Result "1-0"]
[ECO "B38"]
[WhiteElo "2363"]
[BlackElo "1992"]
[Annotator "NA"]
[PlyCount "96"]
[EventDate "2019.06.24"]
[EventType "swiss"]
[EventCountry "TUR"]
[SourceTitle "playchess.com"]
[Source "ChessBase"]
[SourceQuality "1"]
[TimeControl "5400+30"]

1. c4 b6 2. Nc3 c5 3. Nf3 Bb7 4. e4 d6 5. d4 cxd4 6. Nxd4 Nf6 7. f3 g6 8. Be2 Bg7 9. O-O O-O 10. Be3 Nc6 11. Nc2 Rc8 12. Qd2 Qc7 13. Rac1 Qb8 14. Rfd1 Rfd8 15. b3 Qa8 16. Nd5 Rd7 17. Bh6 Bh8 18. Kh1 e6 19. Nxf6+ Bxf6 20. Ne3 Bh8 21. Ng4 Ne5 22. Nxe5 Bxe5 23. Bf4 Rcd8 24. Bxe5 dxe5 25. Qg5 Qb8 26. Rxd7 Rxd7 27. h4 Kg7 28. c5 h6 29. Qe3 bxc5 30. Rxc5 Qd8 31. g3 Qb6 32. Qc3 f6 33. Kg2 h5 34. b4 Qd6 35. Kf2 Qb6 36. Kg2 Qd6 37. a4 Kg8 38. Kf2 Kf7 39. a5 a6 40. b5 axb5 41. Bxb5 Re7 42. Be2 Ba8 43. a6 f5 44. Rc8 Ra7 45. Qe3 Qd7 46. Rh8 f4 47. Rh7+ Kg8 48. Qxa7 Qb5 1-0

[Event "7th Cesme Open-A 2019"]
[Site "Cesme"]
[Date "2019.06.25"]
[Round "3"]
[White "Kamer, Kayra"]
[Black "Abdullayev, Azer"]
[Result "1/2-1/2"]
[ECO "B84"]
[WhiteElo "2353"]
[BlackElo "2064"]
[Annotator "NA"]
[PlyCount "118"]
[EventDate "2019.06.24"]
[EventType "swiss"]
[EventCountry "TUR"]
[SourceTitle "playchess.com"]
[Source "ChessBase"]
[SourceQuality "1"]
[TimeControl "5400+30"]

1. e4 c5 2. Nf3 d6 3. d4 cxd4 4. Nxd4 Nf6 5. Nc3 a6 6. Be2 e6 7. Be3 Nbd7 8. O-O b5 9. a4 bxa4 10. Rxa4 Nc5 11. Rc4 Bb7 12. Bf3 Nfd7 13. Rb4 a5 14. Rb5 Ba6 15. e5 Bxb5 16. Ndxb5 d5 17. Nxd5 exd5 18. Bxd5 Ra6 19. Qf3 Re6 20. Bxe6 Nxe6 21. Qc6 Bc5 22. Bxc5 Nexc5 23. Nd6+ Kf8 24. Nf5 g6 25. Nd6 Kg7 26. Rd1 Qe7 27. f4 Rb8 28. b3 Qe6 29. Qf3 f6 30. exf6+ Nxf6 31. Qc3 Ncd7 32. h3 Kg8 33. f5 gxf5 34. Qg3+ Kh8 35. Re1 f4 36. Rxe6 fxg3 37. Nf5 Re8 38. Rxe8+ Nxe8 39. Nxg3 Kg7 40. Kf2 Kf6 41. Ke3 Ke5 42. Ne4 Nef6 43. Nd2 Nd5+ 44. Kd3 Nf4+ 45. Kc4 Nxg2 46. Kb5 Nf4 47. h4 h5 48. Kxa5 Kd4 49. b4 Kc3 50. Ne4+ Kxc2 51. Ng3 Kd3 52. b5 Kc4 53. Ne4 Kd4 54. Ng3 Kd5 55. Ka6 Kd6 56. Ka7 Kc5 57. Ka6 Kd5 58. Ka7 Kd6 59. b6 Nxb6 1/2-1/2

[Event "7th Cesme Open-A 2019"]
[Site "Cesme"]
[Date "2019.06.25"]
[Round "3"]
[White "Chighladze, Iveri"]
[Black "Iskandarov, Misratdin"]
[Result "1/2-1/2"]
[ECO "E32"]
[WhiteElo "2317"]
[BlackElo "2502"]
[Annotator "ChessBase"]
[PlyCount "107"]
[EventDate "2019.06.24"]
[EventType "swiss"]
[EventCountry "TUR"]
[SourceTitle "playchess.com"]
[Source "ChessBase"]
[SourceQuality "1"]
[TimeControl "5400+30"]

1. d4 Nf6 2. c4 e6 3. Nc3 Bb4 4. Qc2 O-O 5. e4 d5 6. e5 Ne4 7. Bd3 c5 8. cxd5 exd5 9. Nge2 Nc6 10. O-O cxd4 11. Nxe4 dxe4 12. Bxe4 Nxe5 13. Rd1 d3 14. Bxd3 Nxd3 15. Rxd3 Qe7 16. Rg3 Kh8 17. a3 Ba5 18. Be3 Rd8 19. Bc5 Qc7 20. b4 Bb6 21. Qc3 f6 22. Bxb6 Qxc3 23. Rxc3 axb6 24. Rac1 Be6 25. h3 b5 26. Rc7 Bc4 27. Nc3 Rxa3 28. Rxb7 Rb3 29. Nxb5 Rxb4 30. Nd6 Rxb7 31. Nxb7 Rd4 32. Na5 Bg8 33. Rc8 h5 34. Nc6 Rd1+ 35. Kh2 Rd7 36. Kg3 Kh7 37. Nb4 Rd2 38. Rc2 Rd4 39. Rb2 g5 40. Kf3 Bc4 41. Ke3 Rd1 42. Rc2 Bb5 43. f4 Re1+ 44. Kd4 gxf4 45. Nd5 f3 46. gxf3 Rd1+ 47. Kc5 Bf1 48. Nxf6+ Kg6 49. Nd5 h4 50. Rb2 Rc1+ 51. Kd4 Kf5 52. Ne3+ Kf4 53. Nxf1 Rxf1 54. Rg2 1/2-1/2

[Event "7th Cesme Open-A 2019"]
[Site "Cesme"]
[Date "2019.06.25"]
[Round "3"]
[White "Sevgi, Volkan"]
[Black "Cansun, Can Alp"]
[Result "1-0"]
[ECO "B26"]
[WhiteElo "2302"]
[BlackElo "2121"]
[Annotator "NA"]
[PlyCount "87"]
[EventDate "2019.06.24"]
[EventType "swiss"]
[EventCountry "TUR"]
[SourceTitle "playchess.com"]
[Source "ChessBase"]
[SourceQuality "1"]
[TimeControl "5400+30"]

1. e4 c5 2. Nc3 Nc6 3. g3 g6 4. Bg2 Bg7 5. d3 d6 6. Be3 Nd4 7. Qd2 Qa5 8. f4 e6 9. Nf3 Ne7 10. O-O Nec6 11. e5 d5 12. a3 f6 13. b4 Qd8 14. Bxd4 cxd4 15. Nb5 fxe5 16. fxe5 O-O 17. Nbxd4 Nxe5 18. Nxe5 Bxe5 19. Qe3 Bxd4 20. Rxf8+ Qxf8 21. Qxd4 Qg7 22. Qxg7+ Kxg7 23. c4 a5 24. b5 Bd7 25. cxd5 exd5 26. a4 Be6 27. Rc1 Rf8 28. Rc5 Kf6 29. d4 Re8 30. b6 Rc8 31. Rxc8 Bxc8 32. Bxd5 Ke7 33. Kf2 Kd6 34. Be4 Bd7 35. Bxb7 Bxa4 36. Be4 Bd7 37. Ke3 a4 38. Kd2 a3 39. Kc3 Ba4 40. h4 Bd1 41. d5 a2 42. Kb2 Bb3 43. b7 Kc7 44. d6+ 1-0

[Event "7th Cesme Open-A 2019"]
[Site "Cesme"]
[Date "2019.06.25"]
[Round "3"]
[White "Bashirov, Teymur"]
[Black "Gokerkan, Cem Kaan"]
[Result "1-0"]
[ECO "B51"]
[WhiteElo "2238"]
[BlackElo "2415"]
[Annotator "NA"]
[PlyCount "103"]
[EventDate "2019.06.24"]
[EventType "swiss"]
[EventCountry "TUR"]
[SourceTitle "playchess.com"]
[Source "ChessBase"]
[SourceQuality "1"]
[TimeControl "5400+30"]

1. e4 c5 2. Nf3 d6 3. Bb5+ Nc6 4. O-O Bd7 5. d3 a6 6. Bxc6 Bxc6 7. Nbd2 b5 8. a3 Nf6 9. b4 e6 10. Nb3 Rc8 11. Na5 Ba8 12. c4 Be7 13. cxb5 axb5 14. a4 bxa4 15. Qxa4+ Nd7 16. bxc5 Rxc5 17. Be3 Rc8 18. Nd4 O-O 19. Ndc6 Bxc6 20. Nxc6 Qe8 21. Nxe7+ Qxe7 22. Qa7 Qd8 23. Qd4 Nc5 24. Ra7 Qb6 25. Ra3 Rfd8 26. f4 Qb7 27. f5 e5 28. Qa1 Qc6 29. Rc1 Qb5 30. Qa2 h6 31. Rb1 Qc6 32. Ra7 Rd7 33. Ra3 Rdd8 34. Ra1 d5 35. exd5 Qf6 36. Qf2 Nb7 37. Ra6 Rd6 38. Ra7 Rd7 39. Qb2 Rcc7 40. Ra8+ Kh7 41. Bb6 Qxf5 42. Bxc7 Rxc7 43. R8a7 Qxd3 44. Qb1 e4 45. Qxd3 exd3 46. d6 Rd7 47. Kf1 Kg6 48. Rb1 d2 49. Ke2 d1=Q+ 50. Rxd1 Kf6 51. Rb1 Nc5 52. Rc7 1-0

[Event "7th Cesme Open-A 2019"]
[Site "Cesme"]
[Date "2019.06.25"]
[Round "3"]
[White "Kara, Yanki"]
[Black "Tuncer, Tuna"]
[Result "1-0"]
[ECO "A49"]
[WhiteElo "2186"]
[BlackElo "2365"]
[Annotator "NA"]
[PlyCount "57"]
[EventDate "2019.06.24"]
[EventType "swiss"]
[EventCountry "TUR"]
[SourceTitle "playchess.com"]
[Source "ChessBase"]
[SourceQuality "1"]
[TimeControl "5400+30"]

1. Nf3 Nf6 2. g3 g6 3. b3 Bg7 4. Bb2 O-O 5. Bg2 d6 6. d4 b5 7. Nbd2 Bb7 8. c4 bxc4 9. Nxc4 Nbd7 10. O-O a5 11. Rc1 Ra6 12. Qc2 Qa8 13. Rfe1 Be4 14. Qd1 c5 15. Ncd2 Bb7 16. e4 Nxe4 17. Nxe4 Bxe4 18. Rxe4 Qxe4 19. Nh4 Qe6 20. d5 Bxb2 21. dxe6 Bxc1 22. Qxc1 Nf6 23. exf7+ Rxf7 24. Nf3 Ra7 25. Ng5 Rf8 26. Ne6 Rf7 27. Qc4 Kh8 28. Qb5 Nd7 29. Bc6 1-0

[Event "7th Cesme Open-A 2019"]
[Site "Cesme"]
[Date "2019.06.25"]
[Round "3"]
[White "Aliyev, Elnur"]
[Black "Annageldyev, Orazly"]
[Result "1/2-1/2"]
[ECO "B75"]
[WhiteElo "2155"]
[BlackElo "2353"]
[Annotator "NA"]
[PlyCount "87"]
[EventDate "2019.06.24"]
[EventType "swiss"]
[EventCountry "TUR"]
[SourceTitle "playchess.com"]
[Source "ChessBase"]
[SourceQuality "1"]
[TimeControl "5400+30"]

1. e4 c5 2. Nf3 d6 3. d4 cxd4 4. Nxd4 Nf6 5. Nc3 g6 6. Be3 Bg7 7. f3 a6 8. Qd2 Qc7 9. O-O-O b5 10. e5 b4 11. Ndb5 axb5 12. exf6 bxc3 13. Qd5 cxb2+ 14. Kb1 Bxf6 15. Bxb5+ Bd7 16. Bxd7+ Qxd7 17. Qxa8 O-O 18. Qe4 Nc6 19. h4 Rd8 20. Bg5 d5 21. Qe3 d4 22. Bxf6 dxe3 23. Rxd7 Rxd7 24. Bc3 Ne5 25. Kxb2 Rb7+ 26. Ka1 Nc4 27. Rb1 Rxb1+ 28. Kxb1 Kf8 29. Kc1 e2 30. Be1 Ke8 31. c3 Kd7 32. Kc2 Ne3+ 33. Kd3 Nxg2 34. Kxe2 Nxe1 35. Kxe1 Kd6 36. Kf2 e5 37. a4 Kc5 38. Ke3 f5 39. Kd3 h6 40. Ke3 g5 41. hxg5 hxg5 42. Kd3 g4 43. fxg4 fxg4 44. Ke4 1/2-1/2

[Event "7th Cesme Open-A 2019"]
[Site "Cesme"]
[Date "2019.06.25"]
[Round "3"]
[White "Yilmaz, Goktan"]
[Black "Barsov, Alexei"]
[Result "1/2-1/2"]
[ECO "C19"]
[WhiteElo "2155"]
[BlackElo "2397"]
[Annotator "NA"]
[PlyCount "81"]
[EventDate "2019.06.24"]
[EventType "swiss"]
[EventCountry "TUR"]
[SourceTitle "playchess.com"]
[Source "ChessBase"]
[SourceQuality "1"]
[TimeControl "5400+30"]

1. e4 e6 2. d4 d5 3. Nc3 Bb4 4. e5 c5 5. a3 Bxc3+ 6. bxc3 Ne7 7. a4 Qc7 8. Nf3 b6 9. Bb5+ Bd7 10. Bd3 Nbc6 11. O-O h6 12. h4 Na5 13. Ba3 Bxa4 14. Qd2 Bd7 15. Qf4 f5 16. Rfb1 O-O 17. dxc5 bxc5 18. Bb5 Rfd8 19. Bxd7 Rxd7 20. Rb5 Nc4 21. Bxc5 Nc6 22. Nd4 Re8 23. Ra6 N4xe5 24. Nxc6 Nxc6 25. Qxc7 Rxc7 26. Bd6 Rcc8 27. Rc5 Nb8 28. Rxc8 Rxc8 29. Rxa7 Nc6 30. Ra6 e5 31. f4 e4 32. Kf2 d4 33. c4 Kf7 34. Bc5 h5 35. Ra3 g6 36. Ke2 Ke6 37. Rg3 Kf7 38. Ra3 Rd8 39. Ra6 Rc8 40. Ra3 Rd8 41. Ra6 1/2-1/2

[Event "7th Cesme Open-A 2019"]
[Site "Cesme"]
[Date "2019.06.25"]
[Round "3"]
[White "Rzayev, Askar Aliakbar"]
[Black "Can, Melih Kaan"]
[Result "1-0"]
[ECO "A65"]
[WhiteElo "2089"]
[BlackElo "2204"]
[Annotator "NA"]
[PlyCount "99"]
[EventDate "2019.06.24"]
[EventType "swiss"]
[EventCountry "TUR"]
[SourceTitle "playchess.com"]
[Source "ChessBase"]
[SourceQuality "1"]
[TimeControl "5400+30"]

1. d4 Nf6 2. c4 c5 3. d5 e6 4. Nc3 exd5 5. cxd5 d6 6. e4 g6 7. Nge2 Bg7 8. Ng3 O-O 9. Be2 a6 10. a4 Nbd7 11. O-O h5 12. Bg5 Qe8 13. h3 Nh7 14. Bf4 h4 15. Nh1 Ne5 16. Be3 g5 17. Qd2 Qe7 18. f4 gxf4 19. Bxf4 Ng6 20. Bh6 f5 21. Bxg7 Qxg7 22. exf5 Bxf5 23. Nf2 Ne5 24. Kh1 Kh8 25. Nfe4 Qg6 26. Rf4 Rg8 27. Bf1 Bxh3 28. Qf2 Raf8 29. Rxf8 Rxf8 30. Qd2 Bf5 31. Re1 Rg8 32. Nxd6 Nf3 33. Nf7+ Qxf7 34. gxf3 Qg6 35. Qh2 Ng5 36. Re3 Nf7 37. Re7 Qf6 38. Rxb7 Rg3 39. Qe2 Qd4 40. Qh2 Qf4 41. Rxf7 Qxf3+ 42. Bg2 Qf4 43. Rxf5 Qxf5 44. Qxh4+ Qh7 45. Qxh7+ Kxh7 46. d6 Rg7 47. Ne4 Kg6 48. Nxc5 Kf6 49. d7 Rg8 50. Nb7 1-0

[Event "7th Cesme Open-A 2019"]
[Site "Cesme"]
[Date "2019.06.25"]
[Round "3"]
[White "Erdogan, Anil Berk"]
[Black "Rzayev, Bahruz"]
[Result "1/2-1/2"]
[ECO "B43"]
[WhiteElo "2087"]
[BlackElo "2340"]
[Annotator "NA"]
[PlyCount "67"]
[EventDate "2019.06.24"]
[EventType "swiss"]
[EventCountry "TUR"]
[SourceTitle "playchess.com"]
[Source "ChessBase"]
[SourceQuality "1"]
[TimeControl "5400+30"]

1. e4 c5 2. Nf3 e6 3. d4 cxd4 4. Nxd4 a6 5. Nc3 Qc7 6. g3 Bb4 7. Bd2 Nf6 8. Bg2 Nc6 9. Nb3 O-O 10. O-O Rd8 11. a3 Be7 12. Qe2 b5 13. Nd5 exd5 14. exd5 Re8 15. dxc6 dxc6 16. Ba5 Qd7 17. Rad1 Nd5 18. Qd3 Bb7 19. c4 bxc4 20. Qxc4 Rac8 21. Rfe1 Bf8 22. Nc5 Bxc5 23. Qxc5 Rxe1+ 24. Rxe1 Re8 25. Rxe8+ Qxe8 26. Qa7 Qa8 27. Qxa8+ Bxa8 28. Bxd5 cxd5 29. Kf1 Kf8 30. Ke2 Ke7 31. Ke3 Bc6 32. Kd4 Ke6 33. Bc3 g5 34. h4 1/2-1/2

[Event "7th Cesme Open-A 2019"]
[Site "Cesme"]
[Date "2019.06.26"]
[Round "4"]
[White "Mammadov, Zaur"]
[Black "Ozenir, Ekin Baris"]
[Result "0-1"]
[ECO "B10"]
[WhiteElo "2428"]
[BlackElo "2250"]
[Annotator "RC"]
[PlyCount "128"]
[EventDate "2019.06.24"]
[EventType "swiss"]
[EventCountry "TUR"]
[SourceTitle "playchess.com"]
[Source "ChessBase"]
[SourceQuality "1"]
[TimeControl "5400+30"]

1. e4 c6 2. c4 d5 3. cxd5 cxd5 4. exd5 Nf6 5. Nc3 Nxd5 6. Nf3 Nxc3 7. bxc3 g6 8. Qa4+ Nc6 9. d4 Bg7 10. Be2 Qa5 11. Qxa5 Nxa5 12. O-O Be6 13. Re1 Bf6 14. Nd2 Bd5 15. Rb1 O-O-O 16. Bg4+ e6 17. Rb5 b6 18. Ne4 Be7 19. Ng5 Bxg5 20. Bxg5 Rd7 21. Bf6 Re8 22. c4 Bb7 23. c5 h5 24. Be2 Bc6 25. Rb4 bxc5 26. dxc5 Nb7 27. Ba6 e5 28. Reb1 Re6 29. Bg7 f5 30. Bf8 Be4 31. Bd6 Bxb1 32. Rxb1 Rexd6 33. cxd6 Kb8 34. f3 Ka8 35. Rb5 e4 36. Bxb7+ Rxb7 37. Re5 Rd7 38. fxe4 fxe4 39. Re6 Kb7 40. Rxg6 Kc6 41. Re6 Kd5 42. Rh6 Rxd6 43. Rxh5+ Kd4 44. Ra5 Rf6 45. g4 e3 46. Rxa7 e2 47. Rd7+ Kc3 48. Re7 Rf1+ 49. Kg2 e1=Q 50. Rxe1 Rxe1 51. Kf3 Kd4 52. Kf4 Rh1 53. Kf5 Rxh2 54. g5 Kd5 55. Kf6 Rf2+ 56. Ke7 Rg2 57. Kf6 Kd6 58. g6 Rf2+ 59. Kg7 Ke7 60. a4 Ra2 61. a5 Rxa5 62. Kg8 Kf6 63. g7 Kg6 64. Kh8 Rh5+ 0-1

[Event "7th Cesme Open-A 2019"]
[Site "Cesme"]
[Date "2019.06.26"]
[Round "4"]
[White "Rzayev, Askar Aliakbar"]
[Black "Chighladze, Iveri"]
[Result "0-1"]
[ECO "A57"]
[WhiteElo "2089"]
[BlackElo "2317"]
[Annotator "RC"]
[PlyCount "98"]
[EventDate "2019.06.24"]
[EventType "swiss"]
[EventCountry "TUR"]
[SourceTitle "playchess.com"]
[Source "ChessBase"]
[SourceQuality "1"]
[TimeControl "5400+30"]

1. d4 Nf6 2. c4 a6 3. Nc3 c5 4. d5 b5 5. cxb5 axb5 6. Nxb5 g6 7. Nc3 Bg7 8. e4 d6 9. Bb5+ Bd7 10. Bxd7+ Nbxd7 11. Nf3 O-O 12. O-O Qb6 13. Qe2 Qa6 14. Re1 Ng4 15. Bg5 Bxc3 16. bxc3 f6 17. h3 Nge5 18. Nxe5 Nxe5 19. Be3 Qxe2 20. Rxe2 Ra4 21. f3 Rfa8 22. Bf4 Nd3 23. Bg3 Rc4 24. f4 Rxc3 25. Re3 Rca3 26. e5 Nb4 27. Rxa3 Rxa3 28. Kh2 Rxa2 29. Re1 f5 30. Rd1 Re2 31. Bh4 Kf8 32. exd6 exd6 33. Bd8 c4 34. Ba5 Nd3 35. Rb1 Nxf4 36. Rb8+ Kg7 37. Bb4 Nxg2 38. Rb7+ Kf6 39. Bxd6 f4 40. Kg1 c3 41. Rc7 c2 42. Ba3 f3 43. Bb2+ Kg5 44. d6 Kh4 45. Rc4+ Kg3 46. Rg4+ Kxh3 47. Rg5 f2+ 48. Kf1 Ne3+ 49. Kxe2 f1=Q+ 0-1